[ PARTIDA AOE2 · #482255504 ]
UnrankedFrancos vs Poles
Equipo del jugador · VICT
Equipo rival · DERR
[ ANÁLISIS DE REPETICIÓN · EXTRAÍDO DE LA PARTIDA GRABADA ]
Feudal
12:00
Castillos
15:23
Imperial
33:00
| APM promedio | 30.8 |
| APM pico | 61 |
| eAPM promedio | 15.7 |
| Aldeanos / militares | 99 / 26 |
Foco
⚔️ 26.0% · 🌾 74.0%
Spearman ×13 · Knight ×7 · Battering Ram ×3 · Mangonel ×1 · Scout Cavalry ×1 · Trebuchet (Packed) ×1
Feudal
9:52
Castillos
22:51
Imperial
—
| APM promedio | 54.7 |
| APM pico | 107 |
| eAPM promedio | 25.7 |
| Aldeanos / militares | 71 / 40 |
Foco
⚔️ 25.1% · 🌾 74.9%
Cavalry Archer ×16 · Scout Cavalry ×14 · Knight ×6 · Spearman ×4
Mapa de la partida
Recursos iniciales + cada clic de construcción. Líneas = muros · curvas = relieve. ◆ oro · ⬟ piedra · ● bayas · ✦ reliquia · ◌ hueco del cierre
Tu base· Abierta — flanco sin cerrar
Base de lautaro26· Abierta — flanco sin cerrar
Terreno inicial suavizado · ◌ = hueco del cierre detectado · pasá el cursor para detalles
Inputs por minuto
— Hannibal aoe - - lautaro26
Build order — Hannibal aoe
Primeras 150 de 225 acciones detectadas
| 0:01 | Crear | Villager (Male) |
| 0:01 | Crear | Villager (Male) |
| 0:02 | Crear | Villager (Male) |
| 0:02 | Crear | Villager (Male) |
| 0:02 | Crear | Villager (Male) |
| 0:04 | Construir | House |
| 0:06 | Construir | House |
| 1:29 | Crear | Villager (Male) |
| 1:29 | Crear | Villager (Male) |
| 2:00 | Crear | Villager (Male) |
| 2:05 | Construir | Lumber Camp |
| 2:21 | Crear | Villager (Male) |
| 2:48 | Crear | Villager (Male) |
| 2:48 | Crear | Villager (Male) |
| 3:09 | Construir | House |
| 3:26 | Crear | Villager (Male) |
| 3:26 | Crear | Villager (Male) |
| 3:40 | Construir | House |
| 3:54 | Crear | Villager (Male) |
| 3:54 | Crear | Villager (Male) |
| 4:24 | Construir | Mill |
| 4:50 | Crear | Villager (Male) |
| 4:50 | Crear | Villager (Male) |
| 4:51 | Crear | Villager (Male) |
| 5:16 | Crear | Villager (Male) |
| 5:25 | Construir | House |
| 5:49 | Crear | Villager (Male) |
| 5:49 | Crear | Villager (Male) |
| 6:17 | Crear | Villager (Male) |
| 6:47 | Crear | Villager (Male) |
| 6:47 | Crear | Villager (Male) |
| 6:47 | Crear | Villager (Male) |
| 7:10 | Construir | Lumber Camp |
| 7:37 | Crear | Villager (Male) |
| 7:37 | Crear | Villager (Male) |
| 7:38 | Crear | Villager (Male) |
| 7:38 | Crear | Villager (Male) |
| 7:38 | Crear | Villager (Male) |
| 7:47 | Crear | Villager (Male) |
| 8:44 | Construir | Mining Camp |
| 9:00 | Crear | Villager (Male) |
| 9:33 | Investigar | Feudal Age |
| 9:37 | Construir | Barracks |
| 10:20 | Construir | House |
| 12:00 | Edad | Edad Feudal |
| 12:07 | Construir | Stable |
| 12:10 | Construir | Blacksmith |
| 12:13 | Crear | Villager (Male) |
| 12:39 | Construir | Lumber Camp |
| 12:43 | Investigar | Castle Age |
| 12:50 | Investigar | Double-Bit Axe |
| 13:33 | Crear | Spearman |
| 13:47 | Construir | Farm |
| 13:49 | Construir | Farm |
| 13:52 | Construir | Farm |
| 13:53 | Construir | Farm |
| 13:58 | Construir | Farm |
| 14:00 | Construir | Farm |
| 14:05 | Construir | Farm |
| 14:08 | Construir | Farm |
| 14:15 | Crear | Scout Cavalry |
| 14:33 | Construir | Farm |
| 15:05 | Investigar | Loom |
| 15:23 | Edad | Edad de los Castillos |
| 15:28 | Crear | Knight |
| 15:37 | Construir | Town Center |
| 15:41 | Construir | Town Center |
| 15:55 | Construir | Siege Workshop |
| 16:00 | Crear | Villager (Male) |
| 16:02 | Investigar | Town Watch |
| 17:00 | Investigar | Husbandry |
| 17:04 | Crear | Villager (Male) ×3 |
| 17:04 | Crear | Villager (Male) ×3 |
| 17:11 | Construir | Farm |
| 17:12 | Construir | Farm |
| 17:15 | Construir | Farm |
| 17:16 | Construir | Farm |
| 18:05 | Crear | Villager (Male) ×3 |
| 18:05 | Crear | Villager (Male) ×3 |
| 18:09 | Crear | Villager (Male) |
| 18:26 | Crear | Spearman |
| 19:00 | Crear | Villager (Male) |
| 19:01 | Crear | Villager (Male) |
| 19:01 | Crear | Villager (Male) |
| 19:02 | Crear | Villager (Male) |
| 19:11 | Construir | Farm |
| 19:12 | Construir | Farm |
| 19:14 | Construir | Farm |
| 19:15 | Construir | Farm |
| 19:17 | Construir | Farm |
| 19:18 | Construir | Farm |
| 19:20 | Construir | Mill |
| 19:22 | Construir | Farm |
| 19:24 | Crear | Villager (Male) |
| 19:25 | Crear | Villager (Male) |
| 19:34 | Construir | House |
| 19:36 | Construir | House |
| 19:37 | Construir | House |
| 19:41 | Crear | Knight |
| 19:51 | Crear | Spearman |
| 19:53 | Crear | Spearman |
| 19:57 | Crear | Villager (Male) |
| 20:01 | Construir | Farm |
| 20:05 | Crear | Villager (Male) |
| 20:14 | Construir | House |
| 20:16 | Construir | House |
| 20:18 | Construir | House |
| 20:32 | Crear | Villager (Male) ×2 |
| 20:32 | Crear | Villager (Male) ×2 |
| 20:46 | Construir | House |
| 20:53 | Construir | Palisade Gate |
| 21:00 | Construir | Palisade Wall |
| 21:05 | Investigar | Pikeman (upgrade) |
| 21:06 | Crear | Spearman |
| 21:07 | Crear | Villager (Male) |
| 21:18 | Construir | Farm |
| 21:19 | Construir | Farm |
| 21:21 | Construir | Farm |
| 21:23 | Construir | Farm |
| 21:26 | Crear | Villager (Male) |
| 21:26 | Crear | Villager (Male) |
| 21:30 | Crear | Villager (Male) |
| 21:51 | Construir | Palisade Wall |
| 22:03 | Construir | Farm |
| 22:05 | Construir | Farm |
| 22:07 | Crear | Villager (Male) |
| 22:08 | Crear | Villager (Male) |
| 22:09 | Crear | Villager (Male) |
| 22:09 | Crear | Villager (Male) |
| 22:10 | Crear | Villager (Male) |
| 22:10 | Crear | Villager (Male) |
| 22:10 | Crear | Villager (Male) |
| 22:20 | Crear | Spearman |
| 22:33 | Construir | Palisade Wall |
| 22:37 | Crear | Villager (Male) |
| 22:38 | Crear | Villager (Male) |
| 22:41 | Construir | Farm |
| 22:46 | Crear | Villager (Male) |
| 22:47 | Crear | Villager (Male) |
| 22:48 | Crear | Villager (Male) |
| 22:55 | Crear | Spearman |
| 22:56 | Crear | Spearman |
| 23:27 | Investigar | Squires |
| 23:30 | Investigar | Forging |
| 23:31 | Crear | Villager (Male) |
| 23:37 | Crear | Villager (Male) |
| 23:39 | Crear | Villager (Male) |
| 23:40 | Crear | Villager (Male) |
| 23:50 | Construir | Palisade Wall |
| 23:53 | Crear | Villager (Male) |
Build order — lautaro26
Primeras 150 de 189 acciones detectadas
| 0:04 | Construir | House |
| 0:06 | Construir | House |
| 0:06 | Crear | Villager (Male) |
| 0:06 | Crear | Villager (Male) |
| 0:06 | Crear | Villager (Male) |
| 0:07 | Crear | Villager (Male) |
| 1:51 | Crear | Villager (Male) |
| 1:51 | Crear | Villager (Male) |
| 2:14 | Construir | Lumber Camp |
| 2:16 | Crear | Villager (Male) |
| 2:16 | Crear | Villager (Male) |
| 2:50 | Crear | Villager (Male) |
| 3:17 | Crear | Villager (Male) |
| 3:17 | Crear | Villager (Male) |
| 3:40 | Crear | Villager (Male) |
| 3:41 | Crear | Villager (Male) |
| 3:47 | Construir | House |
| 4:44 | Crear | Villager (Male) |
| 4:44 | Crear | Villager (Male) |
| 4:59 | Investigar | Loom |
| 5:03 | Crear | Villager (Male) |
| 5:40 | Crear | Villager (Male) |
| 5:41 | Crear | Villager (Male) |
| 6:24 | Crear | Villager (Male) |
| 6:31 | Construir | Mill |
| 6:33 | Crear | Villager (Male) |
| 7:03 | Construir | House |
| 7:19 | Crear | Villager (Male) |
| 7:42 | Investigar | Feudal Age |
| 8:52 | Construir | House |
| 8:59 | Construir | House |
| 9:52 | Edad | Edad Feudal |
| 10:09 | Crear | Villager (Male) |
| 10:09 | Crear | Villager (Male) |
| 10:10 | Crear | Villager (Male) |
| 11:18 | Construir | Watch Tower |
| 11:45 | Construir | Mining Camp |
| 11:48 | Investigar | Double-Bit Axe |
| 11:50 | Crear | Villager (Male) |
| 11:50 | Crear | Villager (Male) |
| 11:51 | Crear | Villager (Male) |
| 12:23 | Construir | Barracks |
| 12:32 | Crear | Villager (Male) |
| 12:32 | Crear | Villager (Male) |
| 12:46 | Construir | Mining Camp |
| 13:08 | Crear | Villager (Male) |
| 13:08 | Crear | Villager (Male) |
| 13:25 | Construir | House |
| 13:27 | Construir | House |
| 13:34 | Construir | House |
| 13:35 | Construir | Palisade Wall |
| 14:02 | Construir | Stable |
| 14:30 | Crear | Spearman |
| 14:44 | Crear | Villager (Male) |
| 14:45 | Crear | Villager (Male) |
| 14:50 | Construir | Farm |
| 14:50 | Construir | Farm |
| 14:50 | Construir | Farm |
| 15:04 | Crear | Scout Cavalry |
| 15:07 | Investigar | Bloodlines |
| 15:20 | Construir | Palisade Wall |
| 15:31 | Construir | Lumber Camp |
| 15:33 | Construir | Farm |
| 16:03 | Construir | Farm |
| 16:07 | Crear | Villager (Male) |
| 16:33 | Construir | Farm |
| 16:33 | Construir | Farm |
| 16:33 | Construir | Farm |
| 16:38 | Crear | Villager (Male) |
| 16:53 | Construir | Barracks |
| 17:06 | Crear | Spearman |
| 17:53 | Crear | Villager (Male) |
| 18:10 | Crear | Spearman |
| 18:13 | Crear | Villager (Male) |
| 18:16 | Construir | Farm |
| 18:16 | Construir | Farm |
| 18:17 | Construir | Farm |
| 18:17 | Construir | Farm |
| 18:44 | Construir | Blacksmith |
| 18:51 | Construir | Mill |
| 18:54 | Construir | Farm |
| 18:54 | Construir | Farm |
| 18:55 | Construir | Farm |
| 19:21 | Construir | Farm |
| 19:21 | Construir | Farm |
| 19:21 | Construir | Farm |
| 19:27 | Crear | Villager (Male) |
| 20:11 | Investigar | Castle Age |
| 20:25 | Construir | Farm |
| 20:33 | Construir | Farm |
| 20:40 | Crear | Spearman |
| 20:44 | Crear | Scout Cavalry |
| 21:00 | Investigar | Forging |
| 21:21 | Crear | Scout Cavalry |
| 21:40 | Construir | Palisade Wall |
| 21:49 | Construir | Palisade Gate |
| 21:54 | Crear | Scout Cavalry |
| 22:03 | Investigar | Horse Collar |
| 22:13 | Investigar | Gold Mining |
| 22:27 | Crear | Scout Cavalry |
| 22:45 | Crear | Scout Cavalry |
| 22:51 | Edad | Edad de los Castillos |
| 23:02 | Crear | Villager (Male) |
| 23:02 | Crear | Villager (Male) |
| 23:22 | Investigar | Stone Mining |
| 23:24 | Crear | Villager (Male) |
| 23:52 | Crear | Knight |
| 24:01 | Crear | Villager (Male) |
| 24:01 | Crear | Villager (Male) |
| 24:06 | Construir | Town Center |
| 24:19 | Crear | Knight |
| 24:28 | Crear | Villager (Male) |
| 24:52 | Crear | Scout Cavalry |
| 24:57 | Crear | Villager (Male) |
| 26:00 | Crear | Villager (Male) |
| 26:00 | Crear | Villager (Male) |
| 26:01 | Crear | Villager (Male) |
| 26:01 | Crear | Villager (Male) |
| 26:05 | Investigar | Bow Saw |
| 26:21 | Investigar | Husbandry |
| 26:29 | Crear | Villager (Male) |
| 26:29 | Crear | Villager (Male) |
| 27:05 | Crear | Villager (Male) |
| 27:06 | Crear | Villager (Male) |
| 27:15 | Construir | Archery Range |
| 27:39 | Construir | Castle |
| 27:50 | Crear | Villager (Male) |
| 27:50 | Crear | Villager (Male) |
| 27:51 | Crear | Villager (Male) |
| 27:51 | Crear | Villager (Male) |
| 27:55 | Construir | Farm |
| 27:56 | Construir | Farm |
| 27:56 | Construir | Farm |
| 27:56 | Construir | Farm |
| 27:56 | Construir | Farm |
| 27:57 | Construir | Farm |
| 27:57 | Construir | Farm |
| 28:29 | Crear | Cavalry Archer |
| 28:29 | Crear | Cavalry Archer |
| 28:30 | Crear | Cavalry Archer |
| 29:09 | Construir | House |
| 29:15 | Construir | House |
| 29:54 | Construir | Farm |
| 29:54 | Construir | Farm |
| 29:54 | Construir | Farm |
| 29:54 | Construir | Farm |
| 29:55 | Construir | Farm |
| 30:06 | Crear | Cavalry Archer |
| 30:41 | Crear | Cavalry Archer |
| 31:09 | Crear | Knight |
Cronología de la partida
| 9:37 | Hannibal aoe · first_building Barracks |
| 9:52 | lautaro26 · age_up feudal |
| 12:00 | Hannibal aoe · age_up feudal |
| 12:07 | Hannibal aoe · first_building Stable |
| 12:23 | lautaro26 · first_building Barracks |
| 13:35 | lautaro26 · wall_segment Palisade Wall x1 |
| 14:02 | lautaro26 · first_building Stable |
| 15:20 | lautaro26 · wall_segment Palisade Wall x16 |
| 15:23 | Hannibal aoe · age_up castle |
| 15:55 | Hannibal aoe · first_building Siege Workshop |
| 21:00 | Hannibal aoe · wall_segment Palisade Wall x2 |
| 21:40 | lautaro26 · wall_segment Palisade Wall x15 |
| 21:51 | Hannibal aoe · wall_segment Palisade Wall x8 |
| 22:33 | Hannibal aoe · wall_segment Palisade Wall x4 |
| 22:51 | lautaro26 · age_up castle |
| 23:50 | Hannibal aoe · wall_segment Palisade Wall x7 |
| 27:15 | lautaro26 · first_building Archery Range |
| 27:21 | Hannibal aoe · first_building Castle |
| 27:39 | lautaro26 · first_building Castle |
| 33:00 | Hannibal aoe · age_up imperial |
| 36:27 | lautaro26 · resign |
[ ANÁLISIS IA · 1 CRÉDITO ]
¿Qué pasó realmente en esta partida?
Wolo.gg analiza cada decisión: build order, eco, micro, errores típicos por bracket. Análisis personalizado por WhatsApp o Discord en 30 segundos.
Guía civ
Francos
Perfil
Jugador #5687832